AoeStats
← JasminePronk

Black Forest

509195386Analyzed
4v4 RM · 7d ago on Sep 25, 2026· 44m 53s· 8 players
Game mode
Random Map
Map size
Large (8 player)
Population
200
Speed
Normal
Resources
Standard
Victory
Conquest
Starting age
Dark Age
Ending age
Imperial Age
RankedLock teamsTeams togetherTeam positionsShared explorationLock speedFull tech treeHidden civsTurbo modeCheats
Victory
Defeat
🇺🇸 Koreans · United States
1439
+7
🇺🇸 Burmese · United States
1300
+12
🇺🇸 Vikings · United States
1223
+15
🇺🇸 Franks · United States
1043
+22
🇸🇪 Romans · Sweden
1215
-14
🇨🇷 Gurjaras · Costa Rica
1212
-14
🇮🇳 Byzantines · India
1210
-14
🇹🇷 Varangians · Türkiye
1198
-14
[RbF] Stickly
0:31 Loom
11:37 Feudal Age
16:59 Castle Age
15:55 Double-Bit Axe
15:51 Horse Collar
19:07 Fishing Lines
26:57 Bow Saw
26:47 Gillnets
29:42 Wheelbarrow
29:16 Heavy Plow
33:09 Imperial Age
30:38 Town Watch
31:27 Hand Cart
31:44 Ballistics
31:41 Masonry
33:56 Siege Engineers
34:23 Architecture
34:56 Heavy Scorpion
kurinkito
8:36 Loom
11:29 Feudal Age
11:49 Fishing Lines
16:48 Castle Age
17:38 Gillnets
17:37 Double-Bit Axe
18:39 Bow Saw
20:42 Wheelbarrow
19:53 Town Watch
21:06 Gold Mining
22:10 Stone Mining
25:49 Stone Shaft Mining
28:27 Hand Cart
33:11 Imperial Age
31:45 Forging
31:35 Scale Mail Armor
31:26 Fletching
33:18 Elite Varangian Guard
33:43 Arson
33:59 Squires
33:44 Gambesons
33:23 Gothikon
34:23 Conscription
34:28 Capped Ram
37:19 Iron Casting
36:59 Chain Mail Armor
36:18 Siege Ram
alemarioh
10:15 Feudal Age
11:49 Loom
14:58 Castle Age
13:48 Double-Bit Axe
13:51 Horse Collar
16:40 Bow Saw
16:31 Heavy Plow
22:03 Wheelbarrow
22:27 Stone Mining
22:32 Gold Mining
24:00 Stone Shaft Mining
25:10 Gold Shaft Mining
25:37 Scale Barding Armor
25:43 Forging
26:43 Chain Barding Armor
28:00 Iron Casting
27:37 Bloodlines
27:28 Husbandry
34:25 Imperial Age
34:04 Scale Mail Armor
34:31 Elite Shrivamsha Rider
35:47 Plate Barding Armor
35:40 Conscription
35:34 Fletching
36:01 Chain Mail Armor
36:52 Crop Rotation
AztecKiller2427
1:05 Loom
12:42 Feudal Age
16:18 Castle Age
14:32 Double-Bit Axe
14:53 Horse Collar
18:05 Fletching
17:50 Elite Skirmisher
19:59 Padded Archer Armor
22:44 Redemption
28:24 Imperial Age
26:17 Pikeman
28:02 Bow Saw
31:33 Chemistry
36:07 Ballistics
35:43 Bodkin Arrow
36:03 Leather Archer Armor
Thomas the Train
3:28 Loom
11:26 Feudal Age
16:18 Castle Age
16:58 Double-Bit Axe
18:05 Bow Saw
22:54 Fletching
23:12 Horse Collar
25:33 Bodkin Arrow
27:20 Ballistics
28:19 Wheelbarrow
31:43 Imperial Age
30:08 Pikeman
31:36 Masonry
31:57 Scale Mail Armor
32:07 Forging
32:39 Elite Fire Lancer
34:05 Squires
34:21 Arson
34:53 Chain Mail Armor
35:16 Bracer
37:37 Plate Mail Armor
37:42 Iron Casting
39:39 Hand Cart
39:09 Town Watch
40:41 Conscription
42:45 Town Patrol
42:38 Elite War Wagon
43:20 Eupseong
SpacyBabushka
6:49 Loom
12:19 Feudal Age
13:24 Double-Bit Axe
16:15 Castle Age
15:12 Horse Collar
20:45 Heavy Plow
20:59 Bow Saw
21:07 Town Watch
22:59 Scale Mail Armor
23:09 Forging
24:23 Stone Mining
24:23 Gold Mining
29:01 Town Patrol
30:16 Chieftains
34:23 Imperial Age
32:12 Chain Mail Armor
32:32 Iron Casting
35:35 Conscription
35:11 Elite Berserk
36:27 Gold Mining
38:07 Plate Mail Armor
38:37 Blast Furnace
44:21 Squires
43:43 Man-at-Arms
44:22 Long Swordsman
UxorialBadger60
2:25 Loom
13:03 Feudal Age
18:20 Castle Age
21:13 Fishing Lines
24:10 Gillnets
30:24 Imperial Age
28:30 Gold Mining
29:26 Padded Archer Armor
29:55 Manipur Cavalry
30:14 Bloodlines
30:05 Husbandry
30:27 Horse Collar
31:44 Conscription
32:54 Onager
33:54 Siege Engineers
38:41 Light Cavalry
39:54 Scale Barding Armor
39:59 Forging
41:26 Chain Barding Armor
42:19 Iron Casting
41:32 Man-at-Arms
41:58 Gambesons
42:13 Squires
42:16 Long Swordsman
43:03 Scale Mail Armor
43:38 Iron Casting
43:08 Two-Handed Swordsman
44:41 Chain Mail Armor
JasminePronk
5:47 Loom
13:05 Feudal Age
18:31 Castle Age
18:25 Double-Bit Axe
19:53 Bow Saw
24:08 Wheelbarrow
23:53 Stone Mining
23:56 Gold Mining
25:03 Fishing Lines
26:05 Gold Shaft Mining
25:44 Scale Barding Armor
29:44 Hand Cart
34:18 Imperial Age
31:53 Pikeman
34:03 Scale Mail Armor
34:13 Forging
35:24 Chain Mail Armor
34:35 Halberdier
35:19 Squires
40:42 Cavalier
Connection lost

Rejoining the realm…

Still unreachable

The connection could not be restored.

Session expired

The server has moved on; the page needs a fresh start.